 Dungeon Crawl Stone Soup version 0.31.0-11-ge490571c62 (webtiles) character file.

Game seed: 7846361379705412558

143 Marvel the Cudgeller (level 5, 0/78 HPs)
             Began as a Troll Berserker on Feb 8, 2024.
             Was a Believer of Trog.
             Succumbed to Terence's poison
             ... on level 3 of the Dungeon.
             The game lasted 00:02:07 (1914 turns).

Marvel the Cudgeller (Troll Berserker)              Turns: 1914, Time: 00:02:08

Health: 0/78       AC:  4    Str: 27    XL:     5   Next: 4%
Magic:  4/4        EV: 25    Int:  3    God:    Trog [**....]
Gold:   70         SH:  0    Dex:  9    Spells: 4/4 levels left

rFire   . . .        a - +0 mace
rCold   . . .        (no shield)
rNeg    . . .        b - +0 animal skin
rPois   .            (helmet restricted)
rElec   .            (no cloak)
rCorr   .            (gloves unavailable)
SInv    .            (boots unavailable)
Will    .....        n - amulet of the acrobat Stlth
                     (no ring)
HPRegen 1.13/turn    (no ring)
MPRegen 0.09/turn

%: acrobat
@: berserking (expiring), lethally poisoned (0 -> -6), acrobatic, very quick
A: large, unfitting armour, claws 3, regeneration 1, shaggy fur 1, tough skin 1
a: Renounce Religion, Berserk, Trog's Hand


You were on level 3 of the Dungeon.
You worshipped Trog.
Trog was pleased with you.
You visited 1 branch of the dungeon, and saw 3 of its levels.

You collected 112 gold pieces.
You spent 42 gold pieces at shops.

Inventory:

Hand Weapons
 a - a +0 mace (weapon)
Missiles
 j - a throwing net (quivered)
 l - 3 boomerangs
Armour
 b - a +0 animal skin (worn)
Jewellery
 n - an amulet of the acrobat (around neck)
Wands
 o - a wand of flame (28)
Scrolls
 d - a scroll of enchant armour {unknown}
 e - a scroll of poison {unknown}
 f - a scroll of acquirement {unknown}
 g - 3 scrolls of identify {unknown}
Potions
 c - 2 potions of might {unknown}
 h - a potion of cancellation {unknown}
 i - a potion of magic {unknown}
 k - a potion of curing
 m - a potion of lignification {unknown}


   Skills:
 + Level 2.9 Fighting
 + Level 4.0 Maces & Flails
 + Level 3.3 Dodging
 + Level 0.4 Stealth


You had 4 spell levels left.
You didn't know any spells.
Your spell library was empty.

Dungeon Overview and Level Annotations

Branches:
Dungeon (3/15)

Altars:
Dithmenos

Shops:
D:2 !


Innate Abilities, Weirdness & Mutations

You are too large for most types of armour.
You have claws for hands.
Your natural rate of healing is unusually fast.
You are covered in fur. (AC +1)
You have tough skin. (AC +1)


Message History

You are more poisoned.
A red film seems to cover your vision as you go berserk!
You feel yourself moving faster!
You feel mighty!
You feel very sick. Terence hits you but does no damage.
You are more poisoned.
You sock Terence!
Terence is almost dead.
You feel very sick.
You barely miss Terence.
Terence is almost dead.
* * * LOW HITPOINT WARNING * * *
You feel very sick.
Terence hits you with a +0 short sword of venom.
* * * LOW HITPOINT WARNING * * *
You are lethally poisoned!
You hit Terence.
You feel the power of Trog in you as your rage grows.
You kill Terence!
Trog accepts your kill.
* * * LOW HITPOINT WARNING * * *
You feel very sick.
You have reached level 5!
You are too berserk!
Okay, then.
You barely miss the kobold.
* * * LOW HITPOINT WARNING * * *
You feel very sick. The kobold hits you with a +0 whip.
* * * LOW HITPOINT WARNING * * *
You sock the kobold!
You kill the kobold!
Trog accepts your kill.
* * * LOW HITPOINT WARNING * * *
You feel very sick.
* * * LOW HITPOINT WARNING * * *
You feel very sick.
You are too berserk!
You feel a strong urge to attack something.
You die...

.........#.#####.#..#.# #....##
#..#....#..#..)).#....#####.#+###
##.####......#####..#..#....#.#..
..####......##.(#.....#.##.#.#.#
..(.............................
..####..<..###...####......#.#.#
#######...............#....
#.###.###............
#...@.#.........#....
#.....#.#...#...#....
#J##....+...#.#.#....
#.).##....#.....#.....#
......##...######........
........##...# #......)##..
........##...# #...........
....?...###### #'''########
........# #####...########


You could see an endoplasm.

Vanquished Creatures
  Ijyb (D:3)
  Terence (D:3)
  4 adders
  A dart slug (D:3)
  5 orcs (D:3)
  4 endoplasms
  2 giant cockroaches (D:1)
  6 goblins
  3 hobgoblins
  4 quokkas
  A ball python (D:1)
  2 bats
  7 frilled lizards (D:2)
  5 kobolds
  6 rats
52 creatures vanquished.

Notes
Turn   | Place    | Note
-------+----------+-------------------------------------------
     0 | D:1      | Marvel the Troll Berserker began the quest for the Orb.
     0 | D:1      | Reached XP level 1. HP: 22/22 MP: 0/0
   262 | D:1      | Reached XP level 2. HP: 29/29 MP: 1/1
   927 | D:2      | Reached skill level 3 in Maces & Flails
   927 | D:2      | Reached XP level 3. HP: 36/36 MP: 2/2
   927 | D:2      | Reached ** piety under Trog
  1054 | D:2      | Found a shadowy altar of Dithmenos.
  1057 | D:2      | Found Qat Jushrao's Distillery.
  1075 | D:2      | Bought a potion of curing for 42 gold pieces
  1081 | D:2      | Found a faded altar of an unknown god.
  1757 | D:3      | Reached XP level 4. HP: 30/44 MP: 3/3
  1805 | D:3      | Noticed Ijyb
  1832 | D:3      | Killed Ijyb
  1892 | D:3      | Reached skill level 4 in Maces & Flails
  1892 | D:3      | Noticed Terence
  1910 | D:3      | Killed Terence
  1911 | D:3      | Reached XP level 5. HP: 11/52 MP: 4/4
  1913 | D:3      | HP: 1/78 [poisoned by Terence]
  1914 | D:3      | Succumbed to Terence's poison

Illustrated notes

Levels and vault maps discovered:
D:1:      saegor_arrival_miasma, layout_loops_corners
D:2:      layout_basic, serial_shops, nicolae_shop_tiny_waterfront, basic_altar,
          ebering_ecumenical_altar_petrified, minmay_lizard_pond
D:3:      layout_basic, nemelex_altar_shiori, uniq_ijyb, uniq_terence

Skill      XL: |  1  2  3  4 |
---------------+-------------+-----
Maces & Flails | 3 4 |  4.0
Dodging        | 3 |  3.3
Fighting       | |  2.9
Stealth        | |  0.4

Action                     |  1- 3 |  4- 6 || total
---------------------------+-------+-------++-------
  Melee: Mace              |   137 |    45 ||   182
         Punch             |     1 |     1 ||     2
  Throw: Throwing net      |     1 |       ||     1
 Invoke: Berserk           |       |     1 ||     1
   Stab: Sleeping          |     2 |       ||     2
 Armour: Animal skin       |   111 |    33 ||   144
  Dodge: Dodged            |    91 |    24 ||   115
